 Dungeon Crawl Stone Soup version 0.17-a0-1450-g7e755d1 (webtiles) character file.

462 WellDressedCM the Ducker (level 6, 61/61 HPs)
             Began as a Troll Berserker on June 29, 2015.
             Was a Priest of Trog.
             Quit the game on level 4 of the Dungeon on June 30, 2015.
             The game lasted 00:29:35 (2519 turns).

WellDressedCM the Ducker (Troll Berserker)          Turns: 2519, Time: 00:29:36

Health: 61/61      AC: 10    Str: 28    XL:     6   Next: 79%
Magic:  5/5        EV: 11    Int:  3    God:    Trog [***...]
Gold:   144        SH:  0    Dex:  9    Spells: 0 memorised, 5 levels left

rFire  . . .     SeeInvis .     v - +3 flail (protect)
rCold  . . .     Clarity  .     m - +0 robe
rNeg   . . .     SustAt   .     (no shield)
rPois  .         Gourm    +     (helmet restricted)
rElec  .         Spirit   .     (no cloak)
rCorr  .         Warding  .     (gloves unavailable)
rMut   .         Stasis   .     (boots unavailable)
MR     +....                    (no amulet)
Stlth  +.........               (no ring)
                                d - ring of protection from magic

@: exhausted, slowed, very slow, somewhat resistant to hostile enchantments,
very unstealthy
A: unfitting armour, claws 3, fast metabolism 3, gourmand, regeneration 2,
shaggy fur 1, tough skin 2
a: Burn Spellbooks, Berserk, Trog's Hand, Renounce Religion


You were on level 4 of the Dungeon.
You worshipped Trog.
Trog was most pleased with you.
You were very full.

You visited 1 branch of the dungeon, and saw 4 of its levels.

You collected 144 gold pieces.

Inventory:

Hand weapons
 v - a +3 flail of protection (weapon)
Missiles
 f - 39 bolts
 h - 14 arrows
 i - 39 poisoned needles
 n - 3 tomahawks (quivered)
 t - 2 throwing nets
Armour
 m - a +0 robe (worn)
Jewellery
 d - a ring of protection from magic (left claw)
Magical devices
 l - a wand of digging (16)
 q - a wand of invisibility (3)
 r - a wand of magic darts (29)
Scrolls
 g - a scroll of remove curse
 k - a scroll of fog
 o - a scroll of enchant armour
Potions
 b - a potion of flight
 e - 2 potions of heal wounds
Comestibles
 a - 2 meat rations
 c - 5 bread rations
 j - a slice of pizza
 p - 2 royal jellies
 s - 3 chunks of flesh


   Skills:
 + Level 3.4 Fighting
 * Level 4.5 Maces & Flails
 + Level 4.8 Dodging
 + Level 0.1 Evocations


You had 5 spell levels left.
You didn't know any spells.

Dungeon Overview and Level Annotations

Branches:
Dungeon (4/15)
 Temple: D:4-7

Altars:
Sif Muna


Innate Abilities, Weirdness & Mutations

You are too large for most types of armour.
You have claws for hands.
Your metabolism is lightning-fast.
You like to eat raw meat.
You heal very quickly.
You are covered in fur (AC +1).
You have very tough skin (AC +2).


Message History

a club; a goblin corpse You butcher the goblin corpse.
Things that are here:
a club; a chunk of flesh You see here a goblin corpse.
You butcher the goblin corpse.
Things that are here:
3 chunks of flesh; a goblin skeleton All of the chunks of flesh in your inventory have rotted away.
Things that are here:
3 chunks of flesh; a goblin skeleton You are a level 6 Troll Berserker.
You are 79% of the way to level 7.
Play time: 00:29:15 (2516 turns)
Things that are here:
3 chunks of flesh; a goblin skeleton
s - 3 chunks of flesh
Things that are here:
a club; a chunk of flesh
Okay, then.
Are you sure you want to abandon this character and quit the game? (Confirm with "yes".)

####.# #.#### ##.##.#
#.##.##
####...#.#######.#...###
+.......................
####.[.#.#####.......###
##.##.# #.......##
###..# #.......# #รท##
#.......# #@#
##.....##### #)#
##......... #)#
##..###### #)# #..######
#.# #......## #.#
##.###... ..# #.......
### ########


There were no monsters in sight!

Vanquished Creatures
  Edmund (D:4)
  The ghost of Oddysee the Cudgeler, an average FoAK of Lugonu (D:3)
  An orc priest (D:3)
  Terence (D:2)
  A worker ant (D:4)
  An orc wizard (D:4)
  Robin (D:4)
  5 adders
  A worm (D:3)
  9 orcs
  3 bats
  4 giant cockroaches
  15 goblins
  9 hobgoblins
  10 jackals
  9 kobolds
  2 quokkas
  A ball python (D:1)
  A giant gecko (D:3)
  6 giant newts
  12 rats
  3 plants (D:1)
97 creatures vanquished.

Vanquished Creatures (others)
  4 toadstools (D:1)
4 creatures vanquished.

Grand Total: 101 creatures vanquished

Notes
Turn   | Place    | Note
--------------------------------------------------------------
     0 | D:1      | WellDressedCM the Troll Berserker began the quest for the Orb.
     0 | D:1      | Reached XP level 1. HP: 22/22 MP: 0/0
   272 | D:1      | Reached skill level 3 in Maces & Flails
   337 | D:1      | Reached XP level 2. HP: 29/29 MP: 1/1
   566 | D:1      | Acquired Trog's second power
   568 | D:1      | Reached XP level 3. HP: 36/36 MP: 2/2
   982 | D:2      | Noticed Terence
   989 | D:2      | Killed Terence
   989 | D:2      | Reached XP level 4. HP: 42/44 MP: 3/3
  1393 | D:3      | Noticed Oddysee's ghost (average FoAK)
  1413 | D:3      | Killed Oddysee's ghost
  1413 | D:3      | Reached skill level 4 in Maces & Flails
  1413 | D:3      | Reached XP level 5. HP: 23/53 MP: 4/4
  1466 | D:3      | Upgraded the game from 0.17-a0-1446-gc28613e to 0.17-a0-1450-g7e755d1
  1545 | D:3      | Found a deep blue altar of Sif Muna.
  2046 | D:4      | Reached XP level 6. HP: 50/61 MP: 5/5
  2224 | D:4      | Noticed Edmund
  2243 | D:4      | Killed Edmund
  2338 | D:4      | Noticed an orc warrior
  2354 | D:4      | HP: 3/61 [orc warrior/glaive (9)]
  2482 | D:4      | Noticed Robin
  2501 | D:4      | Killed Robin
  2519 | D:4      | Quit the game

Vault maps used:
D:1:      ldierk_water_garden
D:2:      uniq_terence
D:3:      overflow_temple_1_default, first_bread
D:4:      guppyfry_early_orc_mine, uniq_edmund, uniq_robin

Action                   |  1- 3 |  4- 6 || total
-------------------------+-------+-------++-------
Melee: Mace              |   187 |   135 ||   322
       Flail             |       |    39 ||    39
Throw: Tomahawk          |       |     2 ||     2
Invok: Berserk           |     1 |     6 ||     7
       Trog's Hand       |       |     3 ||     3
Evoke: Wand              |       |     1 ||     1
  Use: Scroll            |     4 |     9 ||    13
       Potion            |     4 |     3 ||     7
 Stab: Invisible         |       |     2 ||     2
  Eat: Chunk             |    16 |    20 ||    36
